 Dungeon Crawl Stone Soup version 0.24-a0-123-ga2403f3 (webtiles) character file.

Game seed: 17792881598865412726

25436 terrorsythe the Fighter (level 12, -2/97 HPs)
             Began as a Demonspawn Berserker on Feb 22, 2019.
             Was a Priest of Trog.
             Slain by a freezing wraith (6 damage)
             ... led by a death knight
             ... on level 13 of the Dungeon.
             The game lasted 00:38:36 (17497 turns).

terrorsythe the Fighter (Demonspawn Berserker)     Turns: 17497, Time: 00:38:37

Health: -2/97      AC: 14    Str: 22    XL:     12   Next: 89%
Magic:  0/18       EV: 31    Int:  8    God:    Trog [***...]
Gold:   707        SH: 11    Dex: 14    Spells: 11/11 levels left

rFire    . . .     SeeInvis .   i - +0 flail (protect)
rCold    . . .     Gourm    .   m - +0 shield
rNeg     . . .     Faith    .   F - +0 troll leather armour
rPois    +         Spirit   +   s - +0 helmet
rElec    .         Reflect  .   z - +1 cloak
rCorr    .         Harm     .   D - +0 pair of gloves
MR       .....                  (no boots)
Stlth    +.........             p - amulet of the acrobat
HPRegen  0.66/turn              I - +4 ring of protection
MPRegen  0.16/turn              y - ring of poison resistance

@: berserk cooldown, acrobat, very slightly contaminated, slowed, invisible,
very slow
A: talons 2, demonic guardian 1, magic shield, sturdy frame 2
a: Berserk, Trog's Hand, Renounce Religion


You were on level 13 of the Dungeon.
You worshipped Trog.
Trog was most pleased with you.
You were very hungry.

You visited 1 branch of the dungeon, and saw 13 of its levels.

You collected 707 gold pieces.

Inventory:

Hand Weapons
 i - a +0 flail of protection (weapon)
 q - a +4 morningstar
 Q - the +6 flail "Ucrex" {freeze, *Slow Str+3 Int+6, unknown}
   (Trog gifted it to you on level 13 of the Dungeon)

   It has been specially enchanted to freeze those struck by it, causing extra
   injury to most foes and up to half again as much damage against particularly
   susceptible opponents.
   It can also slow down cold-blooded creatures.
   It affects your strength (+3).
   It affects your intelligence (+6).
   It may slow you when you take damage.
Armour
 m - a +0 shield (worn)
 r - a +1 leather armour of fire resistance
 s - a +0 helmet (worn)
 z - a +1 cloak (worn)
 C - a +0 plate armour
 D - a +0 pair of gloves (worn)
 F - a +0 troll leather armour (worn)
Jewellery
 b - an uncursed ring of ice
 o - an uncursed ring of protection from cold
 p - an amulet of the acrobat (around neck)
 v - an uncursed ring of flight
 x - an uncursed ring of ice
 y - a ring of poison resistance (right hand)
 I - a +4 ring of protection (left hand)
 M - a +3 ring of protection
 S - an uncursed amulet of harm
Wands
 A - a wand of polymorph (1)
 G - a wand of scattershot (5)
 O - a wand of random effects (29)
Scrolls
 d - 4 scrolls of teleportation
 g - 4 scrolls of fog
 k - 3 scrolls of amnesia
 l - 2 scrolls of noise {unknown}
 B - 6 scrolls of remove curse
 E - 2 scrolls of random uselessness {unknown}
 H - a scroll of magic mapping {unknown}
 K - a scroll of identify
 P - a scroll of holy word {unknown}
 U - a scroll of acquirement {unknown}
Potions
 a - 3 potions of lignification
 f - a potion of resistance {unknown}
 h - a potion of flight
 j - 2 potions of brilliance
 n - 3 potions of haste
 t - 4 potions of curing
 u - 2 potions of agility {unknown}
 w - 2 potions of cancellation {unknown}
 L - 2 potions of might
 N - a potion of magic {unknown}
 R - a potion of mutation {unknown}
 T - a potion of heal wounds
Miscellaneous
 J - a box of beasts
Comestibles
 c - 16 rations
 V - 9 chunks of flesh


   Skills:
 + Level 9.9 Fighting
   Level 4.6(6.7) Axes
 + Level 7.6(8.2) Maces & Flails
 + Level 9.0 Armour
 + Level 8.8 Dodging
 + Level 7.7 Shields
 + Level 8.3 Evocations


You had 11 spell levels left.
You didn't know any spells.
Your spell library was empty.

Dungeon Overview and Level Annotations

Branches:
Dungeon (13/15)            Temple (0/1) D:6            Lair (0/6) D:11
    Orc (0/2) D:12         Vaults (0/5) D:13

Altars:
Ashenzari
Dithmenos
Fedhas
Nemelex Xobeh
Sif Muna
Xom
Yredelemnul
Zin

Shops:
D:11 (

Annotations:
D:10 3 runed translucent doors, Maxmaps's ghost, journeyman FoFi


Innate Abilities, Weirdness & Mutations

You have razor-sharp toenails.
A weak demonic guardian rushes to your aid.
When hurt, damage is shared between your health and your magic reserves.
Your movements are less encumbered by armour. (ER -4)


Message History

The death knight hits your ufetubus with a +0 battleaxe of electrocution!
Your ufetubus dies!
Your white imp gestures at the white ugly thing.
The puff of frost hits the white ugly thing.
The white ugly thing resists.
The white ugly thing trunk-slaps your white imp.
The white ugly thing freezes your white imp.
Your white imp resists.
You fade into invisibility!
The freezing wraith misses you. You block the freezing wraith's attack.
Your white imp barely misses the white ugly thing.
The white ugly thing trunk-slaps your white imp.
The white ugly thing freezes your white imp.
Your white imp resists.
Your white imp dies!
The death knight closely misses you.
The white ugly thing gurgles horribly!
You are very lightly contaminated with residual magic.
The freezing wraith closely misses you. The freezing wraith hits you.
You die...

#####.###.......#..#.#
..).#.##....#...#..#.#
....#......##.#.#..#.#
.⌠..#.....###.#.#..#.##
....#.#.......#.......#
....#.##..#............
'÷)##.##.#.[###..#####.
.÷.÷#.#....## #..#
.÷..#.#.<######†@######
.⌠..#...## #...WW.....#
....#..........pu.....#
..[.#.# ####...z.[....#
#####.# #.....W....#
....... #..........#
....... #..........#
....... #...........
....... #...........


You could see a death knight, a white ugly thing, a skeletal warrior, 2 freezing
wraiths and a wraith.

Vanquished Creatures
  A slime creature (D:13)
  A hydra (D:12)
  2 two-headed ogres (D:11)
  3 centaur warriors (D:13)
  A tengu warrior (D:13)
  An unseen horror (D:10)
  2 wizards (D:13)
  Pikel (D:6)
  A necromancer (D:13)
  A cyclops (D:12)
  3 ugly things (D:13)
  A deep elf mage (D:13)
  An efreet (D:13)
  2 trolls
  A hippogriff (D:10)
  2 wraiths
  16 yaks
  17 humans (D:13)
  3 wyverns
  A steam dragon (D:9)
  4 vampire mosquitoes
  Edmund (D:6)
  2 hungry ghosts
  Duvessa (D:6)
  2 black bears
  5 sky beasts
  5 ice beasts
  5 orc warriors
  5 phantoms
  A necrophage (D:8)
  4 ogres
  6 centaurs
  3 big kobolds
  5 bullfrogs
  An elf zombie (D:8)
  2 wyvern zombies (D:11)
  A water moccasin zombie (D:7)
  2 scorpions
  Dowan (D:6)
  7 wights (D:8)
  A howler monkey (D:13)
  3 crimson imps
  A bullfrog zombie (D:11)
  7 orc priests
  3 human zombies (D:8)
  3 jellies
  A bullfrog skeleton (D:12)
  2 centaur zombies
  A centaur skeleton (D:10)
  4 hounds
  3 iguanas
  9 orc wizards
  11 worker ants
  A hound skeleton (D:4)
  2 mummies (D:8)
  A worker ant zombie (D:11)
  10 adders
  3 river rats (D:6)
  7 shadow imps
  2 adder zombies (D:8)
  2 adder skeletons
  4 worms
  2 dart slugs
  2 leopard geckos
  51 orcs
  4 ball pythons
  3 bats
  8 giant cockroaches
  4 goblins
  8 hobgoblins
  3 jackals (D:1)
  13 kobolds
  6 quokkas
  4 frilled lizards
  2 leopard gecko skeletons
  An orc zombie (D:8)
  6 rats
322 creatures vanquished.

Vanquished Creatures (collateral kills)
  2 slime creatures
  A vault guard (D:13)
  A necromancer (D:13)
  A manticore (D:12)
  An ugly thing (D:12)
  2 trolls
  2 dream sheep (D:12)
  8 yaks
  3 humans (D:13)
  A hungry ghost (D:10)
  A vampire mosquito (D:12)
  2 orc warriors
  A centaur (D:13)
  2 big kobolds
  2 killer bees (D:13)
  A wight (D:8)
  A crimson imp (D:13)
  A bullfrog zombie (D:11)
  An orc priest (D:10)
  An orc wizard (D:12)
  A bullfrog skeleton (D:12)
  A worker ant (D:13)
  5 orcs
  4 kobolds (D:13)
46 creatures vanquished.

Vanquished Creatures (others)
  A slave (D:6)
  A scorpion (D:6)
  A killer bee (D:13)
  3 orc wizards (D:6)
  A shadow imp (D:6)
  3 fungi (D:10)
  A plant (D:10)
11 creatures vanquished.

Grand Total: 379 creatures vanquished

Notes
Turn   | Place    | Note
-------+----------+-------------------------------------------
     0 | D:1      | terrorsythe the Demonspawn Berserker began the quest for
                  | the Orb.
     0 | D:1      | Reached XP level 1. HP: 18/18 MP: 1/1
   262 | D:1      | Gained mutation: You have sharp toenails. [demonic
                  | ancestry]
   262 | D:1      | Reached XP level 2. HP: 24/24 MP: 2/2
   587 | D:1      | Reached XP level 3. HP: 25/29 MP: 3/3
   761 | D:2      | Reached ** piety under Trog
  1025 | D:2      | You fall through a shaft for 2 floors!
  1387 | D:3      | Reached XP level 4. HP: 19/36 MP: 4/4
  1629 | D:3      | Reached XP level 5. HP: 40/42 MP: 5/5
  2065 | D:4      | Reached *** piety under Trog
  2277 | D:4      | Reached XP level 6. HP: 36/48 MP: 6/6
  3050 | D:5      | Entered Level 5 of the Dungeon
  3616 | D:5      | Noticed an ice beast
  3646 | D:5      | Killed an ice beast
  3937 | D:5      | Noticed an ice beast
  3947 | D:5      | Killed an ice beast
  3947 | D:5      | Gained mutation: When hurt, damage is shared between your
                  | health and your magic reserves. [demonic ancestry]
  3947 | D:5      | Reached XP level 7. HP: 50/55 MP: 7/7
  4465 | D:6      | Noticed Edmund
  4515 | D:6      | Killed Edmund
  4515 | D:6      | Reached skill level 5 in Fighting
  4550 | D:6      | Noticed Pikel
  4568 | D:6      | Killed Pikel
  4568 | D:6      | Reached skill level 1 in Maces & Flails
  4568 | D:6      | Reached skill level 1 in Shields
  4568 | D:6      | Gained mutation: You have razor-sharp toenails. [demonic
                  | ancestry]
  4568 | D:6      | Reached XP level 8. HP: 29/63 MP: 3/9
  5114 | D:6      | Noticed Dowan
  5116 | D:6      | Reached skill level 5 in Armour
  5116 | D:6      | Reached skill level 5 in Dodging
  5119 | D:6      | Noticed Duvessa
  5128 | D:6      | Reached XP level 9. HP: 63/69 MP: 9/11
  5588 | D:6      | Killed Dowan
  5597 | D:6      | Killed Duvessa
  6114 | D:6      | Found a deep blue altar of Sif Muna.
  6194 | D:6      | Found a staircase to the Ecumenical Temple.
  6417 | D:7      | You fall through a shaft for 3 floors!
  6417 | D:10     | Entered Level 10 of the Dungeon
  6581 | D:8      | Reached **** piety under Trog
  6649 | D:8      | Found a basalt altar of Yredelemnul.
  7336 | D:8      | Gained mutation: A weak demonic guardian rushes to your
                  | aid. [demonic ancestry]
  7336 | D:8      | Reached XP level 10. HP: 53/78 MP: 7/13
  7843 | D:8      | Found a sparkling altar of Nemelex Xobeh.
  8027 | D:9      | Reached skill level 5 in Evocations
  8134 | D:9      | Reached ***** piety under Trog
  8384 | D:9      | Found a shadowy altar of Dithmenos.
  8384 | D:9      | Found a shattered altar of Ashenzari.
  8424 | D:9      | Found a blossoming altar of Fedhas.
  8585 | D:10     | Killed an unseen horror
  8585 | D:10     | Reached skill level 5 in Shields
  8635 | D:10     | Found a glowing silver altar of Zin.
  8667 | D:10     | Found a runed translucent gate.
  8687 | D:10     | Found a runed translucent gate.
  8687 | D:10     | Found a runed translucent gate.
  8691 | D:10     | Noticed Maxmaps's ghost (journeyman FoFi)
  8786 | D:10     | Reached skill level 5 in Maces & Flails
  9315 | D:11     | Found a staircase to the Lair.
  9319 | D:11     | Noticed a two-headed ogre
  9330 | D:11     | Killed a two-headed ogre
  9420 | D:11     | Gained mutation: Your movements are slightly less
                  | encumbered by armour. (ER -2) [demonic ancestry]
  9420 | D:11     | Reached XP level 11. HP: 85/85 MP: 15/15
  9649 | D:11     | Found Boaghas's Antique Weapon Shoppe.
  9649 | D:11     | Noticed a two-headed ogre
  9656 | D:11     | Killed a two-headed ogre
 10230 | D:12     | Noticed a brown ugly thing
 10234 | D:12     | Killed a brown ugly thing
 10285 | D:12     | Noticed a two-headed hydra
 10292 | D:12     | Killed a two-headed hydra
 11118 | D:12     | Found a staircase to the Orcish Mines.
 11299 | D:13     | Noticed a wizard
 11311 | D:13     | Killed a wizard
 11311 | D:13     | Gained mutation: Your movements are less encumbered by
                  | armour. (ER -4) [demonic ancestry]
 11311 | D:13     | Reached XP level 12. HP: 89/94 MP: 15/17
 11469 | D:13     | Found a gate to the Vaults.
 11469 | D:13     | Noticed a vault guard
 11479 | D:13     | Killed a vault guard
 11607 | D:13     | Noticed a centaur warrior
 11610 | D:13     | Received a gift from Trog
 11611 | D:13     | Got a bloodstained flail {god gift}
 11612 | D:13     | Noticed a centaur warrior
 11621 | D:13     | Killed a centaur warrior
 11639 | D:13     | Killed a centaur warrior
 17126 | D:13     | Noticed a tengu warrior
 17133 | D:13     | Noticed a centaur warrior
 17143 | D:13     | Killed a tengu warrior
 17290 | D:13     | Killed a centaur warrior
 17310 | D:13     | Found a shimmering altar of Xom.
 17489 | D:13     | Noticed a death knight
 17495 | D:13     | HP: 2/97 [death knight/+0 battleaxe of electrocution (4)]
 17497 | D:13     | Slain by a freezing wraith

Levels and vault maps discovered:
D:1:      nzn_arrival_settlement, layout_basic
D:2:      layout_basic, nicolae_overflow_crystal_walls, minmay_puff
D:3:      layout_loops_ring
D:4:      layout_loops_ring
D:5:      layout_basic, first_ration
D:6:      kennysheep_orc_sif_temple, layout_basic,
          minmay_temple_entry_statues_pillars, lightli_sewer_entry_pipes,
          uniq_duvessa, uniq_edmund, uniq_pikel
D:7:      layout_loops_ring, minmay_overflow_temple_star_quad, serial_shops,
          nicolae_shop_behind_doors
D:8:      layout_rooms, marbit_many_paths, lemuel_mausoleum_altar_yredelemnul
D:9:      layout_roguey, fedhas_altar_fruit_tree, gammafunk_temple_overflow_wave
D:10:     layout_loops_ring, gammafunk_ghost_nasty_kobolds, basic_altar
D:11:     layout_loops_cross, lair_entry_dummy, serial_shops, shop
D:12:     layout_roguey, orc_0_dummy, hangedman_decor_growths, hangedman_ranch
          [blue_anna_fruit_fields]
D:13:     layout_rooms, grunt_vaults_entry_tiered, xom_teletrap_fun

Skill      XL: |  1  2  3  4  5  6  7  8  9 10 11 12 |
---------------+-------------------------------------+-----
Armour         | 2 3 4 5 6 7 8 9 |  9.0
Dodging        | 2 3 4 5 6 7 8 |  8.8
Axes           | 3 4 |  4.6
Fighting       | 4 5 6 7 8 9 |  9.9
Maces & Flails | 1 2 4 5 6 7 |  7.6
Shields        | 1 3 4 5 6 7 |  7.7
Evocations     | 2 3 4 5 7 8 |  8.3

Action                   |  1- 3 |  4- 6 |  7- 9 | 10-12 || total
-------------------------+-------+-------+-------+-------++-------
Melee: Hand axe          |   118 |   140 |    64 |       ||   322
       Kick              |    21 |    43 |   152 |   327 ||   543
       Flail             |       |       |   387 |   944 ||  1331
       Unarmed           |       |       |     8 |       ||     8
Invok: Berserk           |     1 |     1 |     4 |    11 ||    17
       Trog's Hand       |       |       |     2 |     5 ||     7
       Brothers in Arms  |       |       |       |    11 ||    11
Evoke: Wand              |       |       |     1 |     1 ||     2
  Use: Scroll            |     4 |     3 |     1 |     7 ||    15
       Potion            |       |     1 |     1 |     2 ||     4
 Stab: Distracted        |       |       |       |     3 ||     3
  Eat: Chunk             |     3 |     6 |     7 |    33 ||    49
       Ration            |       |     1 |     4 |     6 ||    11
Armor: Animal skin       |    12 |       |       |       ||    12
       Chain mail        |    39 |    72 |   256 |    88 ||   455
       Skin              |       |       |     2 |       ||     2
       Troll leather arm |       |       |       |   429 ||   429
Dodge: Dodged            |    67 |    76 |   210 |   798 ||  1151
Block: Buckler           |       |       |    92 |   119 ||   211
       Shield            |       |       |       |   401 ||   401

Table legend:
 A = Non-vault XP
 B = Vault XP
 C = Vault XP percentage of total XP
 D = Non-vault monster count
 E = Vault monster count
 F = Vault count percentage of total count
                 A         B        C        D         E       F
            +---------+---------+-------+---------+---------+-------
      Total |   26342 |    9996 |  27.5 |     308 |      61 |  16.5
            +---------+---------+-------+---------+---------+-------
        D:1 |      43 |       0 |   0.0 |      23 |       0 |   0.0
        D:2 |      26 |       0 |   0.0 |       8 |       0 |   0.0
        D:3 |     187 |       0 |   0.0 |      25 |       0 |   0.0
        D:4 |     287 |       0 |   0.0 |      12 |       0 |   0.0
        D:5 |     396 |       0 |   0.0 |      11 |       0 |   0.0
        D:6 |    1726 |    1241 |  41.8 |      20 |      15 |  42.9
        D:7 |      72 |       0 |   0.0 |       2 |       0 |   0.0
        D:8 |    1623 |     766 |  32.1 |      32 |      13 |  28.9
        D:9 |    1294 |       0 |   0.0 |      30 |       0 |   0.0
       D:10 |    2348 |       0 |   0.0 |      26 |       0 |   0.0
       D:11 |    4892 |       0 |   0.0 |      26 |       0 |   0.0
       D:12 |    4067 |    1822 |  30.9 |      42 |       8 |  16.0
       D:13 |    9381 |    6167 |  39.7 |      51 |      25 |  32.9
            +---------+---------+-------+---------+---------+-------
